 Dungeon Crawl Stone Soup version 0.29-a0-284-gf9362112df (webtiles) character file.

Game seed: 9019804983384958413

381 rabbitsville the Skirmisher (level 6, -3/56 HPs)
             Began as a Minotaur Wanderer on Mar 30, 2022.
             Was a Priest of Nemelex Xobeh.
             Shot with an arrow by a centaur (6 damage)
             ... on level 5 of the Dungeon.
             The game lasted 00:12:28 (2992 turns).

rabbitsville the Skirmisher (Minotaur Wanderer)     Turns: 2992, Time: 00:12:29

Health: -3/56      AC:  7    Str: 18    XL:     6   Next: 46%
Magic:  8/8        EV:  9    Int: 13    God:    Nemelex Xobeh [***...]
Gold:   124        SH:  3    Dex: 12    Spells: 5/5 levels left

rFire   . . .      SeeInvis .   a - +3 short sword
rCold   . . .      Faith    .   p - +0 buckler
rNeg    . . .      Spirit   .   l - +0 scale mail
rPois   .          Reflect  .   (helmet restricted)
rElec   .          Harm     .   h - +0 cloak
rCorr   .          Rampage  .   (no gloves)
Will    .....                   (no boots)
Stlth   ..........              (no amulet)
HPRegen 0.18/turn               k - +6 ring of intelligence
MPRegen 0.11/turn               (no ring)

@: no status effects
A: horns 2, retaliatory headbutt
a: Renounce Religion, Draw Escape, Draw Destruction, Draw Summoning, Triple Draw


You were on level 5 of the Dungeon.
You worshipped Nemelex Xobeh.
Nemelex Xobeh was most pleased with you.
You visited 1 branch of the dungeon, and saw 5 of its levels.

You collected 124 gold pieces.

Inventory:

Hand Weapons
 a - a +3 short sword (weapon)
Armour
 d - a +0 leather armour
 h - a +0 cloak (worn)
 l - a +0 scale mail (worn)
 p - a +0 buckler (worn)
Jewellery
 k - a +6 ring of intelligence (left hand)
Scrolls
 b - a scroll of silence
 c - 3 scrolls of fog
 e - 2 scrolls of enchant weapon {unknown}
 f - a scroll of noise {unknown}
 g - 3 scrolls of identify {unknown}
 i - 2 scrolls of teleportation {unknown}
 o - a scroll of magic mapping {unknown}
Potions
 j - a potion of flight {unknown}
 m - a potion of haste {unknown}
 n - a potion of lignification {unknown}
 q - a potion of ambrosia {unknown}


   Skills:
 + Level 5.4 Fighting
 + Level 4.5 Short Blades
 - Level 1.1 Dodging
 - Level 3.2 Unarmed Combat
 * Level 4.2 Invocations
 - Level 1.0 Evocations


You had 5 spell levels left.
You didn't know any spells.
Your spell library was empty.

Dungeon Overview and Level Annotations

Branches:
Dungeon (5/15)
 Temple: D:4-7

Altars:
Nemelex Xobeh
Xom

Annotations:
D:3 1 runed translucent door, silky's ghost, amateur MiCK


Innate Abilities, Weirdness & Mutations

You have a pair of horns on your head.
You reflexively headbutt those who attack you in melee.


Message History

An orc comes into view. It is wielding a +0 dagger.
The orc priest begins to cast a cantrip, but forgets the words!
A centaur comes into view.
The centaur shouts!
The centaur wields a +0 shortbow.
The centaur shoots an arrow.
The arrow hits you.
The centaur shoots an arrow.
The arrow hits you!
You draw a card...
You have drawn Wild Magic.
The air around the orc burns with energy!
You kill the orc!
The centaur looks rather nauseous for a moment!
The centaur is poisoned.
You feel a surge of magic.
The centaur shoots an arrow.
The arrow hits you but does no damage.
You draw a card...
You have drawn Wild Magic.
The centaur emits a flash of light.
You feel a surge of magic.
The centaur shoots an arrow.
The arrow hits you!
You draw a card...
You have drawn the Orb.
Press: ? - help, Shift-Dir - straight line, f - orc priest
Aim: an orc priest, wielding a +0 falchion and wearing a +0 ring mail of fire resistance The centaur shoots an arrow.
The arrow closely misses you.
The orc priest invokes the aid of Beogh against you.
Beogh smites you!
Your orb of destruction hits a rock wall.
You draw a card...
You have drawn Exile.
The centaur shoots an arrow.
The arrow hits you but does no damage.
The centaur shoots an arrow.
The arrow hits you.
* * * LOW HITPOINT WARNING * * *
Your orb of destruction hits a rock wall.
You draw a card...
You have drawn the Cloud.
Clouds appear around you!
You feel a bit more experienced.
You draw a card...
You have drawn Pain.
Press: ? - help, Shift-Dir - straight line, f - centaur
Aim: a centaur, wielding a +0 shortbow (black smoke, heavily wounded, poisoned)
The centaur convulses!
The centaur shoots an arrow.
The arrow hits you!
* * * LOW HITPOINT WARNING * * *
The centaur shoots an arrow.
The arrow hits you.
You die...
Your body glows with a rainbow of weird colours and disappears.

#..... #.....
#....##### .....
#....°...# .....#
#...○....##......
#......°○○.........
##....○...°°○.......
#...................
#..°.@°°............
#....#°c§°§##.....#
#°..)###§*§.......#
###○....##.÷........#
#..○....++......####
##.○....##.......####..
#.○...#.......).......
#.○...#...............
#........?............


You could see a centaur (poisoned).

Vanquished Creatures
  A phantom (D:5)
  A scorpion (D:5)
  A hound (D:5)
  2 orc priests (D:5)
  An orc wizard (D:4)
  2 iguanas
  2 worms
  3 dart slugs
  5 orcs
  8 ball pythons
  8 endoplasms
  2 giant cockroaches
  3 goblins
  5 hobgoblins
  6 jackals (D:2)
  3 quokkas
  4 bats
  6 frilled lizards
  5 kobolds
  9 rats
77 creatures vanquished.

Vanquished Creatures (others)
  3 plants (D:2)
3 creatures vanquished.

Grand Total: 80 creatures vanquished

Notes
Turn   | Place    | Note
-------+----------+-------------------------------------------
     0 | D:1      | rabbitsville the Minotaur Wanderer began the quest for the
                  | Orb.
     0 | D:1      | rabbitsville set off with the following items: a +3 short
                  | sword, a scroll of silence, a scroll of fog, a +0 leather
                  | armour
     0 | D:1      | Reached XP level 1. HP: 19/19 MP: 0/0
    73 | D:1      | Reached XP level 2. HP: 21/27 MP: 1/1
   507 | D:1      | Reached skill level 4 in Fighting
   517 | D:1      | Found a faded altar of an unknown god.
   520 | D:1      | Prayed at the altar of an unknown god.
   520 | D:1      | Became a worshipper of Nemelex Xobeh the Trickster
   520 | D:1      | Reached * piety under Nemelex Xobeh
   617 | D:1      | Received a gift from Nemelex Xobeh
  1099 | D:2      | Received a gift from Nemelex Xobeh
  1166 | D:2      | Found a shimmering altar of Xom.
  1193 | D:2      | Reached skill level 1 in Invocations
  1193 | D:2      | Reached XP level 3. HP: 32/33 MP: 2/2
  1329 | D:2      | Reached ** piety under Nemelex Xobeh
  1774 | D:3      | Noticed silky's ghost (amateur MiCK)
  1778 | D:3      | Found a runed translucent door.
  1817 | D:3      | Received a gift from Nemelex Xobeh
  1891 | D:3      | Reached XP level 4. HP: 41/41 MP: 4/4
  2183 | D:3      | Reached *** piety under Nemelex Xobeh
  2324 | D:4      | Received a gift from Nemelex Xobeh
  2632 | D:4      | Reached XP level 5. HP: 31/47 MP: 4/6
  2750 | D:4      | Noticed an ogre
  2766 | D:5      | Entered Level 5 of the Dungeon
  2766 | D:5      | Noticed a phantom
  2775 | D:5      | Killed a phantom
  2776 | D:5      | Reached skill level 5 in Fighting
  2783 | D:5      | Reached XP level 6. HP: 29/56 MP: 7/7
  2992 | D:5      | Shot with an arrow by a centaur

Illustrated notes

Levels and vault maps discovered:
D:1:      lightli_arrival_chessboard, layout_loops_ring,
          hellmonk_ecumenical_altar_inner_sanctum, st_stairs_3,
          minmay_tetromino_s4
D:2:      layout_basic, basic_altar, minmay_shallow_snake_nest
D:3:      layout_rooms, hellmonk_ghost_happy_afterlife, serial_curves,
          eino_curves_03, eino_curves_03
D:4:      layout_gridville, minmay_temple_entry_junction
D:5:      layout_basic, dk_noncrumbling_3

Skill      XL: |  1  2  3  4  5  6 |
---------------+-------------------+-----
Short Blades   | 3 4 |  4.5
Fighting       | 4 5 |  5.4
Invocations    | 1 2 3 4 |  4.2
Dodging        | |  1.1
Unarmed Combat | |  3.2
Evocations     | |  1.0

Action                   |  1- 3 |  4- 6 || total
-------------------------+-------+-------++-------
Melee: Short sword       |   113 |    60 ||   173
       Headbutt          |    14 |     9 ||    23
Invok: Draw Destruction  |     1 |     8 ||     9
       Draw Escape       |       |     3 ||     3
Armor: Leather armour    |    12 |       ||    12
       Scale mail        |    35 |    25 ||    60
Dodge: Dodged            |    68 |    32 ||   100
Block: Buckler           |     5 |     7 ||    12

Table legend: (Time is in decaauts)
 A = Elapsed time spent in this place.
 B = Non-inter-level travel time spent in this place.
 C = Inter-level travel time spent in this place.
 D = Time resting spent in this place.
 E = Time spent auto-exploring this place.
 F = Levels seen in this place.
 G = Mean time per level.
                   A        B        C        D        E       F      G
               +--------+--------+--------+--------+--------+-----+--------+
         Total |   2984 |   2914 |     70 |    225 |   1319 |   5 |  596.8 |
       Dungeon |   2984 |   2914 |     70 |    225 |   1319 |   5 |  596.8 |
               +--------+--------+--------+--------+--------+-----+--------+

Top non-repeatable levels by time:
     D:1: 879 daAuts
     D:2: 829 daAuts
     D:3: 577 daAuts
     D:4: 472 daAuts
     D:5: 225 daAuts
